 Dungeon Crawl Stone Soup version 0.30-a0-137-gd8773701ce (webtiles) character file.

Game seed: 11583141314161870430

2047340 Flugkiller the Formicid Barricade (level 27, 241/241 (242) HPs)
             Began as a Formicid Hunter on Sept 21, 2022.
             Was a Follower of Uskayaw.
             Escaped with the Orb
             ... and 3 runes!
             The game lasted 01:14:09 (46803 turns).

Flugkiller the Formicid Barricade (FoHu)           Turns: 46803, Time: 01:14:10

HP:   241/241 (242) AC: 41    Str: 17    XL:     27
MP:   33/33         EV: 12    Int: 15    God:    Uskayaw [*.....]
Gold: 4020          SH: 31    Dex: 36    Spells: 26/26 levels left

rFire   + + .      SeeInvis +    E - +12 pair of quick blades "Gyre" and "Gimble" {protect}
rCold   + + +      Faith    .    e - +0 tower shield {rC+}
rNeg    + . .      Spirit   .    m - +9 gold dragon scales
rPois   +          Reflect  .    (helmet unavailable)
rElec   +          Harm     .    M - +2 cloak
rCorr   +          Rampage  .    u - +2 pair of gloves {Stlth+}
Will    ++...                    I - +0 pair of boots of Wasted Space {rElec rC+ rN+}
Stlth   ..........               x - amulet "Daim" {Regen+ rCorr Dex+4 Stlth-}
HPRegen 1.30/turn                O - +6 ring of dexterity
MPRegen 0.23/turn                C - ring "Solax" {rF+ rC+}

@: studying 2 skills, lightly drained
A: permanent stasis, dig shafts and tunnels, antennae 3, four strong arms,
talons 1, clever 1, low MP 1
0: Orb of Zot
}: 3/15 runes: decaying, serpentine, silver
a: Dig, Shaft Self, Renounce Religion, Stomp


You escaped.
You worshipped Uskayaw.
Uskayaw was greatly pleased with you.
You visited 9 branches of the dungeon, and saw 45 of its levels.
You also visited: Bailey, Ice Cave, Wizlab and Desolation.

You collected 6580 gold pieces.
You spent 2560 gold pieces at shops.

Inventory:

Hand Weapons
 E - the +12 pair of quick blades "Gyre" and "Gimble" (weapon) {protect}
   (You found it on level 8 of the Dungeon)

   It grants its wielder temporary protection when it strikes (+7 to AC).
Missiles
 h - 9 throwing nets
 K - 7 curare-tipped darts
Armour
 a - the +1 pair of gloves "Kacieruv" {rPois Str-2 Slay+2}
   (You found it on level 5 of the Realm of Zot)

   Str:       It affects your strength (-2).
   Slay:      It affects your accuracy & damage with ranged weapons and melee
   (+2).
   rPois:     It protects you from poison.
 e - a +0 tower shield of cold resistance (worn)
   (You took it off a naga warrior on level 4 of the Snake Pit)
 k - a +2 kite shield of poison resistance
   (You took it off a vault warden on level 3 of the Vaults)
 m - +9 gold dragon scales (worn)
   (You found it on level 5 of the Vaults)
 s - a +2 pair of boots of rampaging
   (You found it on level 2 of the Lair of Beasts)
 u - a +2 pair of gloves of stealth (worn)
   (You found it in the Desolation of Salt)
 v - the +1 chain mail of Lust {rN+ Slay+5}
   (You took it off an orc warrior on level 10 of the Dungeon)

   Slay:      It affects your accuracy & damage with ranged weapons and melee
   (+5).
   rN:        It protects you from negative energy.
 I - the +0 pair of boots of Wasted Space (worn) {rElec rC+ rN+}
   (You acquired it on level 5 of the Vaults)

   rC:        It protects you from cold.
   rElec:     It insulates you from electricity.
   rN:        It protects you from negative energy.
 M - a +2 cloak (worn)
   (You found it on level 1 of the Lair of Beasts)
Jewellery
 c - the ring "Zolohoh" {rPois rC+}
   (You took it off a spriggan air mage on level 2 of the Depths)

   [ring of protection from cold]

   rC:        It protects you from cold.
   rPois:     It protects you from poison.
 f - a ring of protection from fire
   (You found it on level 3 of the Swamp)
 p - a +4 ring of protection
   (You found it on level 1 of the Dungeon)
 x - the amulet "Daim" (around neck) {Regen+ rCorr Dex+4 Stlth-}
   (You found it in the Desolation of Salt)

   [amulet of regeneration]

   Dex:       It affects your dexterity (+4).
   Regen:     It increases your rate of health regeneration.
   rCorr:     It protects you from acid and corrosion.
   Stlth:     It makes you less stealthy.
 y - a +4 ring of protection
   (You found it on level 5 of the Vaults)
 C - the ring "Solax" (right hand) {rF+ rC+}
   (You found it in the Desolation of Salt)

   [ring of protection from fire]

   rF:        It protects you from fire.
   rC:        It protects you from cold.
 H - a ring of resist corrosion
   (You found it on level 4 of the Swamp)
 O - a +6 ring of dexterity (left hand)
   (You found it on level 5 of the Vaults)
 T - the ring "Siohuboi" {rC+ rN+}
   (You took it off a deep elf sorcerer on level 5 of the Vaults)

   [ring of positive energy]

   rC:        It protects you from cold.
   rN:        It protects you from negative energy.
 Z - the ring of Voduyblod {Will+ Str+6}
   (You found it on level 13 of the Dungeon)

   [ring of strength]

   Str:       It affects your strength (+6).
   Will:      It increases your willpower.
Wands
 F - a wand of iceblast (33)
   (You found it on level 9 of the Dungeon)
 J - a wand of charming (24)
   (You found it on level 4 of the Dungeon)
 L - a wand of digging (13)
   (You found it on level 11 of the Dungeon)
 X - a wand of acid (26)
   (You found it on level 12 of the Dungeon)
Scrolls
 b - 8 scrolls of immolation
 j - 12 scrolls of vulnerability
 l - 10 scrolls of poison
 r - a scroll of summoning
 Q - 8 scrolls of fear
 R - 14 scrolls of butterflies
 V - a scroll of silence
Potions
 d - 8 potions of might
 g - 6 potions of flight
 i - 8 potions of mutation
 n - a potion of resistance
 q - 15 potions of curing
 t - 4 potions of magic
 w - 6 potions of heal wounds
 G - 5 potions of attraction
 N - 5 potions of cancellation
 U - 3 potions of invisibility
 W - 4 potions of ambrosia
Miscellaneous
 o - a tin of tremorstones (2/2)
   (You found it on level 13 of the Dungeon)
 A - a phantom mirror
   (You found it on level 5 of the Vaults)
 B - a phial of floods
   (You found it on level 15 of the Dungeon)
 D - a box of beasts
   (You found it on level 1 of the Depths)
 S - a condenser vane
   (You found it on level 4 of the Lair of Beasts)
 Y - a lightning rod (4/4)
   (You found it on level 12 of the Dungeon)


   Skills:
 - Level 25.3 Fighting
 - Level 18.0 Short Blades
 - Level 11.4 Ranged Weapons
 - Level 20.0 Armour
 - Level 12.0 Dodging
 - Level 12.0 Stealth
 O Level 27 Shields
 + Level 20.8 Invocations
 - Level 14.0 Evocations


You had 26 spell levels left.
You didn't know any spells.
Your spell library contained the following spells:

 Spells                   Type           Power      Damage    Failure   Level
 Apportation              Tloc           0%         N/A       100%        1
 Beastly Appendage        Tmut           0%         N/A       100%        1
 Foxfire                  Conj/Fire      0%         2x1d4     100%        1
 Magic Dart               Conj           0%         1d3       100%        1
 Shock                    Conj/Air       0%         1d3       100%        1
 Slow                     Hex            0%         N/A       100%        1
 Summon Small Mammal      Summ           0%         N/A       100%        1
 Call Imp                 Summ           0%         N/A       100%        2
 Cigotuvi's Dreadful Rot  Necr/Pois/Air  0%         N/A       100%        2
 Ensorcelled Hibernation  Hex/Ice        0%         N/A       100%        2
 Passwall                 Tmut/Erth      0%         N/A       100%        2
 Poisonous Vapours        Pois/Air       0%         N/A       100%        2
 Scorch                   Fire           0%         2d5       100%        2
 Static Discharge         Conj/Air       0%         2-2/arc   100%        2
 Sublimation of Blood     Necr           0%         N/A       100%        2
 Wereblood                Tmut           0%         N/A       100%        2
 Confusing Touch          Hex            0%         N/A       100%        3
 Dazzling Flash           Conj/Hex       0%         N/A       100%        3
 Gell's Gravitas          Tloc           0%         N/A       100%        3
 Ignite Poison            Fire/Tmut/Pois 0%         N/A       100%        3
 Inner Flame              Hex/Fire       0%         N/A       100%        3
 Kindle Blastsparks       Fire/Tloc/Air  0%         2d10      100%        3
 Lesser Beckoning         Tloc           0%         N/A       100%        3
 Mephitic Cloud           Conj/Pois/Air  0%         N/A       100%        3
 Ozocubu's Armour         Ice            0%         N/A       100%        3
 Portal Projectile        Hex/Tloc       0%         N/A       100%        3
 Spider Form              Tmut/Pois      0%         N/A       100%        3
 Summon Guardian Golem    Hex/Summ       0%         N/A       100%        3
 Teleport Other           Tloc           0%         N/A       100%        3
 Tukima's Dance           Hex            0%         N/A       100%        3
 Airstrike                Air            0%         2d(0-16)  100%        4
 Anguish                  Hex/Necr       0%         N/A       100%        4
 Animate Armour           Summ/Erth      0%         N/A       100%        4
 Animate Dead             Necr           0%         N/A       100%        4
 Dispel Undead            Necr           0%         3d6       100%        4
 Flame Wave               Conj/Fire      0%         2d4       100%        4
 Ice Form                 Ice/Tmut       0%         N/A       100%        4
 Iskenderun's Mystic Bla  Conj/Tloc      0%         2d3       100%        4
 Leda's Liquefaction      Hex/Erth       0%         N/A       100%        4
 Manifold Assault         Tloc           0%         N/A       100%        4
 Passage of Golubria      Tloc           0%         N/A       100%        4
 Petrify                  Tmut/Erth      0%         N/A       100%        4
 Sticky Flame             Conj/Fire      0%         2d3       100%        4
 Summon Ice Beast         Ice/Summ       0%         N/A       100%        4
 Alistair's Intoxication  Tmut/Pois      0%         N/A       100%        5
 Arcjolt                  Conj/Air       0%         1d10      100%        5
 Blade Hands              Tmut           0%         N/A       100%        5
 Freezing Cloud           Conj/Ice/Air   0%         6-21      100%        5
 Irradiate                Conj/Tmut      0%         3d11      100%        5
 Iskenderun's Battlesphe  Conj           0%         2d6       100%        5
 Metabolic Englaciation   Hex/Ice        0%         N/A       100%        5
 Yara's Violent Unravell  Hex/Tmut       0%         3d3       100%        5
 Conjure Ball Lightning   Conj/Air       0%         3x3d6     100%        6
 Dispersal                Tloc           0%         N/A       100%        6
 Eringya's Noxious Bog    Tmut/Pois      0%         N/A       100%        6
 Iron Shot                Conj/Erth      0%         9d1       100%        6
 Simulacrum               Ice/Necr       0%         N/A       100%        6
 Starburst                Conj/Fire      0%         6d3       100%        6
 Summon Cactus Giant      Summ           0%         N/A       100%        6
 Dragon Form              Tmut           0%         N/A       100%        7
 Enfeeble                 Hex            0%         N/A       100%        7
 Haunt                    Necr/Summ      0%         N/A       100%        7
 Ozocubu's Refrigeration  Ice            0%         4d7       100%        7
 Spellforged Servitor     Conj/Summ      0%         N/A       100%        7
 Storm Form               Tmut/Air       0%         N/A       100%        7
 Discord                  Hex            0%         N/A       100%        8
 Disjunction              Tloc           0%         N/A       100%        8
 Ignition                 Fire           0%         3d3       100%        8
 Infestation              Necr           0%         N/A       100%        8
 Lehudib's Crystal Spear  Conj/Erth      0%         10d2      100%        8
 Maxwell's Capacitive Co  Air            0%         ∞         100%        8
 Chain Lightning          Conj/Air       0%         N/A       100%        9
 Polar Vortex             Ice            0%         N/A       100%        9
 Blink                    Tloc           Unusable   N/A       N/A         2
 Swiftness                Air            Unusable   N/A       N/A         3

Dungeon Overview and Level Annotations

Branches:
Dungeon (15/15)            Temple (1/1) D:7            Lair (5/5) D:11
  Swamp (4/4) Lair:2        Snake (4/4) Lair:3        Slime (0/5) Lair:4
    Orc (2/2) D:9             Elf (0/3) Orc:2        Vaults (5/5) D:13
  Crypt (0/3) Vaults:3     Depths (4/4) D:15            Zot (5/5) Depths:4
 Bailey (visited)           IceCv (visited)          WizLab (visited)
Desolation (visited)

Altars:
Ashenzari
Cheibriados
Dithmenos
Elyvilon
Fedhas
Gozag
Hepliaklqana
Kikubaaqudgha
Makhleb
Nemelex Xobeh
Okawaru
Qazlal
Ru
Sif Muna
Trog
Uskayaw
Vehumet
Wu Jian
Xom
Yredelemnul
Zin
The Shining One

Shops:
D:1 !   D:4 !   D:7 ?   D:9 (   D:12 *[![?   Orc:1 =(*!   Orc:2 ?[:!
Snake:1 (   Snake:2 *   Vaults:3 =   Vaults:4 [   Vaults:5 !!?!!   Depths:2 :
Depths:4 :

Portals:
Hell: Depths:1 Depths:2 Depths:3 Depths:4
Abyss: Depths:1 Depths:3
Pandemonium: Depths:2 Depths:4
Ziggurat: Depths:2
Trove: D:15 (give +6 demon blade)

Annotations:
D:10 2 transporters
D:15 3 runed translucent doors, Figootz's ghost, journeyman DDFi
Lair:1 1 runed translucent door, Dukayfea's ghost, journeyman SpEn
Vaults:3 36 runed doors
Depths:2 3 exclusions
Zot:2 3 transporters


Innate Abilities, Weirdness & Mutations

You cannot be hasted, slowed, berserked, paralysed or teleported.
You can dig through walls and to a lower floor.
You have a pair of large antennae on your head. (SInv)
Your four strong arms can wield two-handed weapons with a shield.
You have sharp toenails.
Your mind is acute. (Int +4, Str/Dex -1)
Your magical capacity is low. (-10% MP)


Message History

The Ice Fiend moves out of view.
The Ice Fiend gestures at you.
The bolt of cold hits you but does no damage.
You can no longer pass through a line of other dancers.
You block the Ice Fiend's attack. x2
You puncture the Ice Fiend!
Your weapon exudes an aura of protection.
You puncture the Ice Fiend! You hit the Ice Fiend.
You hit the Ice Fiend but do no damage.
You can now pass through a line of other dancers.
You hit the Ice Fiend but do no damage. You hit the Ice Fiend.
You hit the Ice Fiend. You hit the Ice Fiend but do no damage.
The Ice Fiend calls on the powers of darkness!
Your body is wracked with pain!
You are too injured to fight recklessly!
You hit the Ice Fiend but do no damage. You hit the Ice Fiend.
You are too injured to fight recklessly!
You puncture the Ice Fiend! x2
You puncture the Ice Fiend! You hit the Ice Fiend. The Ice Fiend claws you!
The Ice Fiend freezes you! You resist. You block the Ice Fiend's attack.
You barely miss the Ice Fiend. You hit the Ice Fiend.
You hit the Ice Fiend but do no damage. x2
You hit the Ice Fiend but do no damage. x2; You block the Ice Fiend's attack. x2
You hit the Ice Fiend. You puncture the Ice Fiend!
Uskayaw will force your foes to helplessly watch your dance.
Uskayaw prepares the audience for your solo!
The helpless Ice Fiend fails to defend itself.
You perforate the Ice Fiend like a sieve!!!!!
You kill the Ice Fiend!
You are confused.
You feel invigorated.
You feel less invigorated.
You feel less confused.
You are confused.
You feel invigorated.
You feel less invigorated.
You feel less confused.
You can no longer pass through a line of other dancers.
You are confused.
You feel invigorated.
You feel less invigorated.
You feel less confused.
(D) Dungeon (T) Temple (L) Lair (S) Swamp (P) Snake Pit (M) Slime Pits (O) Orcish Mines (E) Elven Halls (V) Vaults (C) Crypt (U) Depths (H) Hell (Z) Zot
Where to? (Enter - D:1 @ (x,y), ? - help)
You sense a monster nearby.
A lorocyproca comes into view.
The lorocyproca gives a chilling moan.
The lorocyproca hits you.
You feel your power leaking away.
You impale the lorocyproca!!
Your weapon exudes an aura of protection.
You hit the lorocyproca but do no damage.
You hit the lorocyproca. x2
You hit the lorocyproca but do no damage.
You hit the lorocyproca. You hit the lorocyproca.
You hit the lorocyproca but do no damage.
You block the lorocyproca's attack.
You barely miss the lorocyproca. You completely miss the lorocyproca.
You puncture the lorocyproca! x2
You can now pass through a line of other dancers.
You barely miss the lorocyproca. You puncture the lorocyproca!
You block the lorocyproca's attack.
You hit the lorocyproca but do no damage.
You hit the lorocyproca. You puncture the lorocyproca!
You kill the lorocyproca!
No target in view!
Unknown command.
(D) Dungeon (T) Temple (L) Lair (S) Swamp (P) Snake Pit (M) Slime Pits (O) Orcish Mines (E) Elven Halls (V) Vaults (C) Crypt (U) Depths (H) Hell (Z) Zot
Where to? (Enter - D:1 @ (x,y), ? - help)
There is an open door here.
Magic restored.
HP restored.
There is a stone staircase leading up here.
You climb upwards.
There is a stone staircase leading down here.
There is a stone staircase leading up here.
You climb upwards.
There is a stone staircase leading down here.
There is a stone staircase leading up here.
You climb upwards.
There is a stone staircase leading down here.
There is a stone staircase leading up here.
You climb upwards.
There is a stone staircase leading down here.
There is a stone staircase leading up here.
You climb upwards.
There is a stone staircase leading down here.
You see here a +0 club.
There is a staircase leading out of the dungeon here.
Unknown command.
Enter note: gg You have escaped!

#........## ###########
#.##.##..## ..........# #######
#.##.##..## .....####.#
#.....####.##....... .....####.#
#..⌠.....##>..##....
.......##.####.........###)##.###
.....#.##.#.#......#(.........###
.....#.##.#........###..#........
.............#..@..# ##...####...
####...............###..### #..#
......#####.#......#......# #..#
#####.# ####.........##.# #..#
###.#####.##..⌠.....###.# #..#
#...##.....#.....######.####..#
#.####.....########..#.........
#.# #>......#.................
#.# #...............#.........


There were no monsters in sight!

Vanquished Creatures
  2 dread liches
  3 ancient liches
  8 orbs of fire (Zot:5)
  2 Killer Klowns (Zot:5)
  A shard shrike (IceCv)
  Vashnia (Snake:2)
  A curse toe (Zot:5)
  A caustic shrike (Depths:3)
  A pandemonium lord (D:8)
  3 golden dragons
  2 bone dragons
  3 electric golems
  14 tentacled monstrosities
  2 walking crystal tomes
  25 Orb Guardians (Zot:5)
  An Ice Fiend (D:6)
  Rupert (D:15)
  3 liches
  3 titans
  3 quicksilver dragons
  A walking frostbound tome (Depths:2)
  Asterion (Snake:2)
  8 acid blobs (Zot:2)
  A walking divine tome (Depths:2)
  An Executioner (D:14)
  5 sphinxes
  2 thorn hunters
  3 death cobs
  5 draconian knights
  Agnes (Snake:2)
  9 tengu reavers
  4 shadow dragons
  3 draconian monks
  12 fire giants
  4 nagarajas
  10 storm dragons
  10 frost giants
  6 iron dragons
  15 vault wardens
  3 draconian scorchers
  A caustic shrike zombie (Depths:2)
  2 draconian shifters
  3 ghost moths
  4 deep elf sorcerers (Vaults:5)
  An imperial myrmidon (Desolation)
  A draconian stormcaller (Zot:2)
  A balrug (Depths:3)
  2 caustic shrike skeletons
  8 draconian annihilators
  20 ironbound preservers
  2 spriggan defenders (Depths:3)
  2 war gargoyles
  2 orc warlords
  43 very ugly things
  4 green draconians
  11 stone giants
  10 ironbound thunderhulks
  6 purple draconians
  An eleionoma (Swamp:2)
  Nessos (Lair:3)
  4 vampire knights
  4 lorocyprocas
  A bunyip (Swamp:1)
  2 dire elephants (Swamp:4)
  4 black draconians
  9 red draconians
  11 white draconians
  17 yellow draconians
  2 halazid warlocks (Desolation)
  12 ettins
  A deep elf death mage (Vaults:5)
  2 entropy weavers
  4 fire dragons
  4 crystal guardians (Desolation)
  Snorg (Lair:4)
  2 jiangshi (Depths:3)
  10 great orbs of eyes
  20 yaktaur captains
  4 deep elf high priests (Vaults:5)
  4 ragged hierophants (Desolation)
  9 ice dragons
  Harold (Lair:2)
  A shambling mangrove (Swamp:1)
  29 vault guards
  6 servants of whispers (Desolation)
  Erolcha (Orc:2)
  An ice dragon (shapeshifter) (Vaults:5)
  5 hydras
  5 ogre magi
  10 spriggan air magi
  5 salamander tyrants
  23 centaur warriors
  13 peacekeepers
  3 ghost crabs
  Erica (Lair:2)
  14 anacondas
  14 ironbound frosthearts
  9 boulder beetles
  9 alligators
  10 two-headed ogres
  6 hell hogs
  14 death yaks
  11 naga warriors
  12 deep troll earth magi
  5 tengu warriors
  3 deep troll shamans
  2 vampire magi
  16 naga sharpshooters
  Urug (Lair:1)
  5 shock serpents
  3 spriggan berserkers
  4 spriggans
  13 sun demons
  A hell knight (Depths:4)
  2 deep elf knights
  Nergalle (Orc:2)
  2 soul eaters (Depths:3)
  3 iron trolls
  13 skeletal warriors
  8 salamander mystics
  4 bog bodies
  4 spriggan druids
  5 goliath frogs
  A sixfirhy (D:8)
  4 naga ritualists
  A flayed ghost (Depths:4)
  A tengu zombie (Depths:2)
  53 deep trolls
  3 glowing orange brains
  A death drake (Swamp:4)
  7 wizards
  A lindwurm (shapeshifter) (Vaults:5)
  12 lindwurms
  A deep elf archer (Swamp:4)
  5 phantasmal warriors
  2 spectral hydras (Swamp:4)
  9 harpies (Vaults:1)
  26 ironbound convokers
  6 necromancers
  7 swamp dragons
  Pikel (D:9)
  9 orc knights
  2 sphinx zombies (Depths:2)
  2 orange crystal statues
  59 ugly things
  4 deep elf pyromancers
  12 mana vipers
  A shining eye (shapeshifter) (Vaults:5)
  A deep elf zephyrmancer (D:13)
  4 oklob plants (Zot:2)
  7 orc sorcerers
  A wolf spider (Lair:5)
  8 cyclopes
  A salamander (shapeshifter) (D:13)
  A fire giant zombie (D:15)
  13 moths of wrath
  A stone giant zombie (D:15)
  2 shining eyes (Depths:4)
  2 will-o-the-wisps (Swamp:2)
  23 salamanders
  2 manticores
  A frost giant skeleton (D:15)
  6 elephants (Lair:5)
  A rust devil (Depths:4)
  7 guardian serpents
  30 naga magi
  An eye of devastation (Depths:4)
  A molten gargoyle (Desolation)
  2 gargoyles
  An eye of devastation (shapeshifter) (Vaults:4)
  54 black mambas
  2 orange demons
  17 vault sentinels
  23 cane toads
  Psyche (D:12)
  4 smoke demons
  A hellion (Zot:2)
  8 komodo dragons
  2 swamp worm zombies (Swamp:4)
  17 rime drakes
  3 freezing wraiths
  3 tengu conjurers
  33 yaktaurs
  A hellwing (Depths:2)
  2 ice devils
  3 hydra zombies (Swamp:4)
  22 polar bears
  9 hornets
  8 tyrant leeches
  A queen bee (D:13)
  3 red devils
  7 trolls
  4 meliai
  A bloated husk (Swamp:4)
  A tarantella (shapeshifter) (Vaults:5)
  A wolf spider simulacrum (D:15)
  52 saltlings
  9 blink frogs
  49 slime creatures
  3 spectral swamp dragons (Swamp:4)
  5 alligator zombies (Swamp:4)
  12 dream sheep (Lair:5)
  A dream sheep (shapeshifter) (Depths:3)
  A snapping turtle (shapeshifter) (Vaults:5)
  2 shadows
  A jumping spider (Vaults:2)
  A culicivora (shapeshifter) (Vaults:5)
  2 vampires
  2 water elementals (Depths:1)
  14 wyverns
  A ynoxinul (Depths:4)
  4 wraiths
  A basilisk (Lair:1)
  30 yaks
  2 redbacks (Lair:5)
  21 vampire mosquitoes
  A neqoxec (Depths:4)
  A steam dragon (D:9)
  2 chaos spawn (Depths:2)
  A redback (shapeshifter) (Vaults:5)
  16 swamp worms
  6 wargs
  66 nagas
  30 water moccasins
  2 floating eyes
  A hell hound (Depths:4)
  2 swamp drakes
  A floating eye (shapeshifter) (Depths:4)
  34 orc warriors
  2 black bears
  3 ice beasts (D:8)
  An ice beast (shapeshifter) (Vaults:5)
  A meliai simulacrum (D:14)
  2 sky beasts
  4 swamp dragon zombies (Swamp:4)
  17 wolves
  8 boggarts
  6 ogres
  18 centaurs
  2 lemures (D:9)
  4 phantoms
  A kobold brigand (D:11)
  11 bullfrogs
  4 necrophages
  5 gnoll sergeants
  2 scorpions
  40 killer bees
  10 electric eels
  6 howler monkeys
  24 jellies
  6 hounds
  15 orc priests
  3 gnoll boudas
  Jessica (D:2)
  Natasha (twice) (D:3)
  5 iguanas
  37 orc wizards
  A spectral swamp drake (Swamp:4)
  17 gnolls
  2 swamp drake zombies (Swamp:4)
  8 adders
  2 shadow imps
  3 white imps
  3 worms
  6 dart slugs
  75 orcs
  3 ball pythons
  A bat (shapeshifter) (Vaults:5)
  3 endoplasms
  2 giant cockroaches
  12 goblins
  10 hobgoblins
  9 jackals
  7 kobolds
  2 quokkas
  4 bats
  6 rats
  A briar patch (Swamp:3)
2104 creatures vanquished.

Vanquished Creatures (collateral kills)
  A spriggan (D:8)
1 creature vanquished.

Vanquished Creatures (others)
  A bunyip (Swamp:4)
  2 sun demons (Depths:4)
  A swamp dragon (Swamp:4)
  A bog body (Swamp:4)
  A deep troll (Vaults:1)
  A will-o-the-wisp (Swamp:4)
  A smoke demon (Depths:3)
  7 bloated husks
  A hell hound (Swamp:4)
  A bush (Lair:3)
  11 foxfires
  19 fungi
  73 plants
  A withered plant (D:15)
121 creatures vanquished.

Grand Total: 2226 creatures vanquished

Notes
Turn   | Place    | Note
-------+----------+-------------------------------------------
     0 | D:1      | Flugkiller the Formicid Hunter began the quest for the Orb.
     0 | D:1      | Reached XP level 1. HP: 16/16 MP: 1/1
    69 | D:1      | Reached XP level 2. HP: 23/23 MP: 2/2
   421 | D:1      | Found a faded altar of an unknown god.
   462 | D:1      | Found Gucunk's Distillery.
   468 | D:1      | Bought a potion of curing for 39 gold pieces
   646 | D:2      | Reached XP level 3. HP: 29/29 MP: 3/3
   754 | D:2      | Noticed Jessica
   756 | D:2      | Killed Jessica
   794 | D:2      | Reached XP level 4. HP: 38/38 MP: 4/4
  1268 | D:3      | Reached skill level 5 in Fighting
  1726 | D:3      | Reached XP level 5. HP: 43/44 MP: 5/5
  1910 | D:3      | Noticed Natasha
  1913 | D:3      | Killed Natasha
  2005 | D:4      | Noticed a phantom
  2019 | D:4      | Killed a phantom
  2020 | D:4      | Reached XP level 6. HP: 53/53 MP: 6/6
  2080 | D:4      | Found a snail-covered altar of Cheibriados.
  2112 | D:4      | Identified the +8 sling "Dragonbane" {flame, MP+9}
  2142 | D:3      | Noticed Natasha
  2147 | D:3      | Killed Natasha
  2558 | D:4      | Reached XP level 7. HP: 60/60 MP: 7/7
  2685 | D:4      | Found Saotuckou's Distillery.
  2841 | D:1      | Bought a potion of heal wounds for 65 gold pieces
  2984 | D:5      | Entered Level 5 of the Dungeon
  3019 | D:5      | Reached skill level 5 in Ranged Weapons
  3099 | D:5      | Reached XP level 8. HP: 63/67 MP: 8/8
  3836 | D:6      | Noticed a wyvern
  3838 | D:6      | Killed a wyvern
  3839 | D:6      | Reached XP level 9. HP: 72/72 MP: 9/9
  4017 | D:6      | Identified the +3 sling "Geann" {freeze, Fragile +Blink
                  | rCorr Int+4}
  4476 | D:6      | Reached skill level 10 in Ranged Weapons
  5066 | D:7      | Got the Octavo of the Mountains and Vapour
  5090 | D:7      | Found a staircase to the Ecumenical Temple.
  5354 | Temple   | Entered the Ecumenical Temple
  5747 | Temple   | Became a worshipper of Uskayaw the Reveller
  5860 | D:7      | Found Ilybetzo's Magic Scroll Boutique.
  5862 | D:7      | Reached * piety under Uskayaw
  5863 | D:7      | Reached ** piety under Uskayaw
  5910 | D:7      | Reached *** piety under Uskayaw
  5911 | D:7      | Reached **** piety under Uskayaw
  5912 | D:7      | Reached skill level 1 in Invocations
  5919 | D:7      | Reached ***** piety under Uskayaw
  6243 | D:7      | Reached XP level 10. HP: 79/79 MP: 11/11
  6565 | D:8      | Reached skill level 5 in Dodging
  6640 | D:8      | Noticed a two-headed ogre
  6640 | D:8      | Noticed a two-headed ogre
  6980 | D:8      | Killed a two-headed ogre
  7182 | D:8      | Found the +12 pair of quick blades "Gyre" and "Gimble"
                  | {protect}
  7233 | D:9      | Got the Tractate on Air
  7235 | D:9      | Found a blossoming altar of Fedhas.
  7255 | D:9      | Reached skill level 5 in Invocations
  7267 | D:9      | Found a flagged portal.
  7289 | Bailey   | Entered a bailey
  7308 | Bailey   | Reached skill level 1 in Short Blades
  7762 | Bailey   | Reached XP level 11. HP: 84/84 MP: 15/15
  7771 | Bailey   | Reached ****** piety under Uskayaw
  7928 | D:9      | Found Jasmabo's Weapon Boutique.
  7949 | D:9      | Noticed Pikel
  7960 | D:9      | Killed Pikel
  7961 | D:9      | Reached skill level 5 in Short Blades
  7969 | D:9      | Noticed a two-headed ogre
  7981 | D:9      | Killed a two-headed ogre
  8222 | D:9      | Found a staircase to the Orcish Mines.
  8275 | D:9      | Identified the +4 dagger "Lamom" {freeze, Fragile Dex+5}
  8891 | D:9      | Noticed a centaur warrior
  8899 | D:9      | Killed a centaur warrior
  9434 | D:10     | Entered Level 10 of the Dungeon
  9576 | D:10     | Found a transporter.
  9578 | D:10     | Noticed an orc sorcerer
  9593 | D:10     | Identified the +1 chain mail of Lust {rN+ Slay+5}
  9754 | D:10     | Reached XP level 12. HP: 91/91 MP: 16/16
  9835 | D:10     | You are sucked into a shaft and drop 1 floor!
  9995 | D:11     | Reached skill level 10 in Dodging
 10001 | D:11     | Noticed a boulder beetle
 10030 | D:11     | Killed a boulder beetle
 10136 | D:11     | Noticed a death yak
 10138 | D:11     | Found a staircase to the Lair.
 10138 | D:11     | Noticed a death yak
 10138 | D:11     | Noticed a death yak
 10139 | D:11     | Noticed a death yak
 10139 | D:11     | Noticed a death yak
 10151 | D:11     | Killed a death yak
 10158 | D:11     | Killed a death yak
 10162 | D:11     | Killed a death yak
 10167 | D:11     | Killed a death yak
 10179 | D:11     | Killed a death yak
 10413 | D:10     | Found a transporter.
 10612 | D:11     | Noticed a tengu warrior
 10612 | D:11     | Noticed a centaur warrior
 10627 | D:11     | Killed a tengu warrior
 10628 | D:11     | Reached XP level 13. HP: 83/99 MP: 17/17
 10636 | D:11     | Noticed an eight-headed hydra
 10642 | D:11     | Killed a centaur warrior
 10647 | D:11     | Killed an eight-headed hydra
 10955 | D:11     | Reached skill level 1 in Evocations
 11503 | Lair:1   | Entered Level 1 of the Lair of Beasts
 11600 | Lair:1   | Noticed Urug
 11611 | Lair:1   | Killed Urug
 11612 | Lair:1   | Reached skill level 1 in Armour
 11853 | Lair:1   | Found a runed translucent door.
 11859 | Lair:1   | Noticed Dukayfea's ghost (journeyman SpEn)
 11877 | Lair:1   | Reached skill level 10 in Fighting
 12381 | Lair:2   | Noticed Erica
 12389 | Lair:2   | Killed Erica
 12503 | Lair:2   | Noticed a six-headed hydra
 12510 | Lair:2   | Killed a six-headed hydra
 12844 | Lair:2   | You fall into a shaft and drop 1 floor!
 12845 | Lair:3   | Noticed Nessos
 12863 | Lair:3   | Killed Nessos
 13223 | Lair:2   | Noticed Harold
 13235 | Lair:2   | Killed Harold
 13236 | Lair:2   | Reached skill level 1 in Shields
 13259 | Lair:2   | Found a transporter.
 13260 | Lair:2   | Found a transporter.
 13575 | Lair:3   | Reached skill level 2 in Shields
 13575 | Lair:3   | Reached skill level 5 in Evocations
 13578 | Lair:3   | Reached skill level 5 in Armour
 13580 | Lair:3   | Reached skill level 3 in Shields
 13580 | Lair:3   | Reached XP level 14. HP: 93/110 MP: 21/21
 13595 | Lair:3   | Reached skill level 4 in Shields
 13599 | Lair:3   | Reached skill level 10 in Invocations
 13660 | Lair:3   | Found a staircase to the Snake Pit.
 13914 | Lair:3   | Reached skill level 5 in Shields
 14619 | Lair:4   | Reached skill level 6 in Shields
 14678 | Lair:4   | Found a staircase to the Slime Pits.
 14836 | Lair:4   | Noticed Snorg
 14844 | Lair:4   | Killed Snorg
 14845 | Lair:4   | Reached skill level 7 in Shields
 15672 | Lair:5   | Entered Level 5 of the Lair of Beasts
 15877 | Lair:5   | Reached skill level 8 in Shields
 15891 | Lair:5   | Reached XP level 15. HP: 95/115 MP: 23/23
 16022 | Lair:5   | Reached skill level 9 in Shields
 16306 | Lair:5   | Reached skill level 10 in Shields
 16342 | Lair:5   | Reached skill level 10 in Armour
 17070 | D:12     | Found Kosulis's Magic Scroll Emporium.
 17098 | D:12     | Found Liba's Armour Shoppe.
 17114 | D:12     | Found Nygiutoo's Distillery.
 17118 | D:12     | Bought a potion of heal wounds for 65 gold pieces
 17158 | D:12     | Found Riemi's Antique Armour Boutique.
 17177 | D:12     | Noticed Psyche
 17181 | D:12     | Killed Psyche
 17203 | D:12     | Found Efur Tyu's Assorted Antiques.
 17498 | D:13     | Identified the ring of Voduyblod {Will+ Str+6}
 17637 | D:13     | Reached skill level 11 in Shields
 17687 | D:13     | Reached XP level 16. HP: 72/124 MP: 25/25
 17763 | D:13     | Found a gate to the Vaults.
 18198 | D:13     | Found a shimmering blue altar of Sif Muna.
 18450 | D:14     | Reached skill level 12 in Shields
 18710 | D:14     | Found an ornate altar of the Wu Jian Council.
 18941 | D:15     | Entered Level 15 of the Dungeon
 18951 | D:15     | Found a staircase to the Depths.
 19177 | D:15     | Noticed a fire giant
 19184 | D:15     | Noticed Figootz's ghost (journeyman DDFi)
 19189 | D:15     | Found a runed translucent gate.
 19189 | D:15     | Found a runed translucent gate.
 19189 | D:15     | Found a runed translucent gate.
 19408 | D:15     | Found a portal to a secret trove of treasure.
 19408 | D:15     | Noticed Rupert
 19422 | D:15     | Killed Rupert
 19782 | D:15     | Found a sacrificial altar of Ru.
 19903 | Orc:1    | Entered Level 1 of the Orcish Mines
 19970 | Orc:1    | Found Ongigih's Distillery.
 19989 | Orc:1    | Bought 2 potions of cancellation for 224 gold pieces
 19989 | Orc:1    | Bought a potion of heal wounds for 70 gold pieces
 19995 | Orc:1    | Found Syxzur's Jewellery Emporium.
 19996 | Orc:1    | Found Ciubyoptei's Assorted Antiques.
 20011 | Orc:1    | Reached skill level 13 in Shields
 20370 | Orc:1    | Found Gosu's Antique Weapon Boutique.
 20416 | Orc:2    | Entered Level 2 of the Orcish Mines
 21024 | Orc:2    | Found Yckucud's Antique Armour Shop.
 21057 | Orc:2    | Found an ancient bone altar of Kikubaaqudgha.
 21057 | Orc:2    | Noticed Nergalle
 21069 | Orc:2    | Killed Nergalle
 21070 | Orc:2    | Reached XP level 17. HP: 134/134 MP: 27/27
 21076 | Orc:2    | Found Lecasos's Book Shop.
 21093 | Orc:2    | Noticed Erolcha
 21103 | Orc:2    | Found a radiant altar of Vehumet.
 21132 | Orc:2    | Killed Erolcha
 21168 | Orc:2    | Found Zobicvowk's Magic Scroll Boutique.
 21207 | Orc:2    | Found a staircase to the Elven Halls.
 21339 | Orc:2    | Found Xidut's Distillery.
 21371 | Orc:2    | Bought a potion of heal wounds for 75 gold pieces
 21371 | Orc:2    | Bought a potion of resistance for 150 gold pieces
 21482 | Orc:1    | Bought a smoking chain mail for 228 gold pieces
 21482 | Orc:1    | Identified the +1 chain mail of the Wumpus {rElec} (You
                  | bought it in a shop on level 1 of the Orcish Mines)
 21672 | D:4      | Bought 2 potions of mutation for 192 gold pieces
 21769 | D:1      | Bought a potion of mutation for 104 gold pieces
 21769 | D:1      | Gained mutation: You are strong-willed. (Will+) [potion of
                  | mutation]
 22117 | Lair:2   | Found a staircase to the Swamp.
 22133 | Swamp:1  | Entered Level 1 of the Swamp
 22424 | Swamp:1  | Noticed a tentacled monstrosity
 22437 | Swamp:1  | Killed a tentacled monstrosity
 22714 | Swamp:2  | Reached skill level 14 in Shields
 22849 | Swamp:2  | Reached skill level 15 in Invocations
 22949 | Swamp:2  | Noticed a thorn hunter
 22961 | Swamp:2  | Killed a thorn hunter
 23020 | Swamp:2  | Noticed a tentacled monstrosity
 23041 | Swamp:2  | Killed a tentacled monstrosity
 23320 | Swamp:3  | Noticed a thorn hunter
 23343 | Swamp:3  | Killed a thorn hunter
 23874 | Swamp:3  | Noticed a tentacled monstrosity
 23892 | Swamp:3  | Killed a tentacled monstrosity
 23941 | Swamp:4  | Entered Level 4 of the Swamp
 24088 | Swamp:4  | Reached XP level 18. HP: 22/144 MP: 29/29
 24095 | Swamp:4  | HP: 6/144 [spectral fenstrider witch[a ghost crab] (12)]
 24096 | Swamp:4  | Reached skill level 15 in Shields
 24132 | Swamp:4  | HP: 5/145 [phantasmal warrior (7)]
 24698 | Swamp:4  | Noticed a bone dragon
 24733 | Swamp:4  | Killed a bone dragon
 25017 | Snake:1  | Entered Level 1 of the Snake Pit
 25017 | Snake:1  | Found Keelosch's Antique Weapon Shoppe.
 25665 | Snake:2  | Noticed Asterion
 25665 | Snake:2  | Noticed Agnes
 25666 | Snake:2  | Found Ryotoah's General Store.
 25671 | Snake:2  | Killed Asterion
 25679 | Snake:2  | Killed Agnes
 25891 | Snake:2  | Reached skill level 16 in Shields
 26058 | Snake:2  | Reached skill level 15 in Fighting
 26186 | Snake:2  | Reached XP level 19. HP: 138/155 MP: 27/31
 26213 | Snake:2  | Reached skill level 10 in Short Blades
 26320 | Snake:2  | Noticed Vashnia
 26349 | Snake:2  | Killed Vashnia
 26575 | Snake:3  | Found a frozen archway.
 26606 | IceCv    | Entered an ice cave
 26649 | IceCv    | Reached skill level 17 in Shields
 27000 | IceCv    | Noticed a shard shrike
 27012 | IceCv    | Killed a shard shrike
 27076 | IceCv    | Got Vimetidgh's Anthology of the Aerial Gift
 27081 | IceCv    | Identified the +8 sling of the Transmuting Gods {vorpal,
                  | rN++ Will+ Int-3 Stlth+}
 28100 | Snake:3  | Reached skill level 18 in Shields
 28511 | Snake:4  | Entered Level 4 of the Snake Pit
 28820 | Snake:4  | Reached XP level 20. HP: 150/166 MP: 32/32
 29542 | Snake:4  | Reached skill level 19 in Shields
 29613 | Snake:4  | Got a serpentine rune of Zot
 29881 | Vaults:1 | Entered Level 1 of the Vaults
 30309 | Vaults:1 | Reached skill level 20 in Shields
 30309 | Vaults:1 | Reached XP level 21. HP: 177/177 MP: 33/33
 30358 | Vaults:1 | Got the Guide on Fey Calefaction
 31118 | Vaults:2 | Reached skill level 21 in Shields
 32231 | Vaults:3 | Reached skill level 22 in Shields
 32416 | Vaults:3 | Found a huge runed gate.
 32416 | Vaults:3 | Found a huge runed gate.
 32416 | Vaults:3 | Found a huge runed gate.
 32416 | Vaults:3 | Found a huge runed gate.
 32416 | Vaults:3 | Found a huge runed gate.
 32416 | Vaults:3 | Found a huge runed gate.
 32417 | Vaults:3 | Found a huge runed gate.
 32417 | Vaults:3 | Found a huge runed gate.
 32417 | Vaults:3 | Found a huge runed gate.
 32417 | Vaults:3 | Found a huge runed gate.
 32417 | Vaults:3 | Found a huge runed gate.
 32418 | Vaults:3 | Found a huge runed gate.
 32419 | Vaults:3 | Found a huge runed gate.
 32427 | Vaults:3 | Reached XP level 22. HP: 189/189 MP: 34/34
 32428 | Vaults:3 | Found a huge runed gate.
 32428 | Vaults:3 | Found a huge runed gate.
 32428 | Vaults:3 | Found a huge runed gate.
 32431 | Vaults:3 | Found a huge runed gate.
 32442 | Vaults:3 | Found a huge runed gate.
 32445 | Vaults:3 | Found a huge runed gate.
 32445 | Vaults:3 | Found a huge runed gate.
 32445 | Vaults:3 | Found a huge runed gate.
 32445 | Vaults:3 | Found a huge runed gate.
 32445 | Vaults:3 | Found a huge runed gate.
 32446 | Vaults:3 | Found a huge runed gate.
 32447 | Vaults:3 | Found a huge runed gate.
 32448 | Vaults:3 | Found a huge runed gate.
 32449 | Vaults:3 | Found a huge runed gate.
 32571 | Vaults:3 | Found a huge runed gate.
 32571 | Vaults:3 | Found a huge runed gate.
 32572 | Vaults:3 | Found a huge runed gate.
 32572 | Vaults:3 | Found a huge runed gate.
 32572 | Vaults:3 | Found a huge runed gate.
 32572 | Vaults:3 | Found a huge runed gate.
 32573 | Vaults:3 | Found a huge runed gate.
 32574 | Vaults:3 | Found a huge runed gate.
 32575 | Vaults:3 | Found a huge runed gate.
 32600 | Vaults:3 | Found a staircase to the Crypt.
 32625 | Vaults:3 | Found Seoxem's Jewellery Boutique.
 32715 | Vaults:3 | You fall into a shaft and drop 1 floor!
 33059 | Vaults:4 | Found a crumbling gateway.
 33071 | Desolati | Entered the Desolation of Salt
 33196 | Desolati | Identified the +0 chain mail of Ariw {rElec rPois rF+}
 33208 | Desolati | Identified the ring "Guthezon" {+Blink rF+ rN+ Dex-3}
 33259 | Desolati | Got the Atlas of the Lungs and the Summer
 33451 | Desolati | Reached skill level 23 in Shields
 33467 | Desolati | Identified the +3 mace of Dim Light {pain, rPois}
 33470 | Desolati | Identified the amulet "Daim" {Regen+ rCorr Dex+4 Stlth-}
 33485 | Desolati | Identified the +6 plate armour of the Boiling Point {Harm}
 33495 | Desolati | Got the Tome of Shapes
 33503 | Desolati | Identified the +4 chain mail of Pride {Harm rPois rC+}
 33619 | Desolati | Identified the +0 helmet of the Eternal Void {Harm Rampage}
 33621 | Desolati | Got the Tractate on Deathly Hexes
 33623 | Desolati | Identified the ring "Solax" {rF+ rC+}
 33625 | Desolati | Identified the ring "Gualuf" {rF- rC+ MP+9 Int+4}
 34140 | Vaults:4 | Reached XP level 23. HP: 198/198 MP: 35/35
 34292 | Vaults:4 | Reached skill level 5 in Stealth
 34705 | Vaults:4 | Found Vohiteg's Antique Armour Emporium.
 35095 | Depths:1 | Entered Level 1 of the Depths
 35209 | Depths:1 | Found a magical portal.
 35217 | Depths:1 | Found a shimmering altar of Xom.
 35234 | Depths:1 | Reached skill level 15 in Armour
 35262 | WizLab   | Entered Wucad Mu's Monastery
 35412 | WizLab   | Found the +9 staff of Wucad Mu {*channel}
 35448 | WizLab   | Reached XP level 24. HP: 196/208 MP: 24/36
 35615 | Depths:1 | Found a one-way gate to the infinite horrors of the Abyss.
 35893 | Depths:1 | Found a gateway to Hell.
 36370 | Depths:2 | Found a transporter.
 36372 | Depths:2 | Noticed a golden dragon
 36394 | Depths:2 | Identified the ring "Zolohoh" {rPois rC+}
 36411 | Depths:2 | Found a transporter.
 36466 | Depths:2 | Reached skill level 24 in Shields
 36523 | Depths:2 | Found a one-way gateway to a ziggurat.
 36658 | Depths:2 | Found a one-way gate leading to the halls of Pandemonium.
 36986 | Depths:2 | Found Lieclobon's Book Emporium.
 37065 | Depths:2 | Reached XP level 25. HP: 179/215 MP: 36/36
 37130 | Depths:2 | Found a glowing silver altar of Zin.
 37185 | Depths:3 | Got the Reference Book on Shivering Adjuration
 37345 | Depths:3 | Reached skill level 10 in Stealth
 37697 | Depths:3 | Noticed a caustic shrike
 37707 | Depths:3 | Killed a caustic shrike
 38105 | Depths:3 | You fall into a shaft and drop 1 floor!
 38105 | Depths:4 | Entered Level 4 of the Depths
 38128 | Depths:4 | Gained mutation: Your magical capacity is low. (-10% MP) [a
                  | shining eye]
 38367 | Depths:4 | Found a gate to the Realm of Zot.
 38524 | Depths:4 | Found a radiant altar of Vehumet.
 38577 | Depths:4 | Found Qutrikh's Book Emporium.
 39114 | Depths:2 | Reached XP level 26. HP: 193/230 MP: 33/33
 39316 | Depths:2 | Identified the +1 pair of boots "Ynking" {rElec}
 39621 | Vaults:5 | Entered Level 5 of the Vaults
 39729 | Vaults:5 | Noticed a dread lich
 39732 | Vaults:5 | Killed a dread lich
 39829 | Vaults:5 | Identified the +9 falchion of the Enchanting Sybil {freeze,
                  | Dex+2}
 39893 | Vaults:5 | Got the Disquisition on the Mutagenic Jaunt
 40107 | Vaults:5 | Noticed an ancient lich
 40118 | Vaults:5 | Killed an ancient lich
 40301 | Vaults:5 | Got the Atlas of Allied Air
 40309 | Vaults:5 | Found the +8 mithril axe "Arga" {speed, Will+}
 40330 | Vaults:5 | Identified the +5 war axe of Sayloefie {holy, rPois Int-2
                  | Dex+4}
 40338 | Vaults:5 | Identified the +6 flail of Victory {flame, Dex+3 SInv}
 40361 | Vaults:5 | Identified the +1 war axe "Kisuajy" {freeze, Dex+3}
 40384 | Vaults:5 | Got the Grimoire of the Sixty-Six Brambles
 40387 | Vaults:5 | Identified the +8 rapier of Fixation {drain, Str+9 Dex+4
                  | SInv Stlth-}
 40398 | Vaults:5 | Identified the +7 spear of Melee {vorpal, Str+5}
 40692 | Vaults:5 | Identified the ring "Siohuboi" {rC+ rN+}
 40791 | Vaults:5 | Got a silver rune of Zot
 40864 | Vaults:5 | Reached XP level 27. HP: 242/242 MP: 33/33
 40976 | Vaults:5 | Found Numn's Distillery.
 40981 | Vaults:5 | Bought a potion of heal wounds for 100 gold pieces
 40981 | Vaults:5 | Bought a potion of heal wounds for 100 gold pieces
 41009 | Vaults:5 | Found Vedyon's Distillery.
 41030 | Vaults:5 | Bought 2 potions of heal wounds for 190 gold pieces
 41030 | Vaults:5 | Bought a potion of invisibility for 152 gold pieces
 41047 | Vaults:5 | Found Horoicau's Distillery.
 41085 | Vaults:5 | Found Burulob's Magic Scroll Shop.
 41085 | Vaults:5 | Found Fenoge's Distillery.
 41090 | Vaults:5 | Bought a scroll of acquirement for 676 gold pieces
 41090 | Vaults:5 | Acquired the +0 pair of boots of Wasted Space {rElec rC+
                  | rN+}
 42312 | Swamp:4  | Got a decaying rune of Zot
 42693 | Zot:1    | Entered Level 1 of the Realm of Zot
 42928 | Zot:1    | Reached skill level 25 in Shields
 43142 | Zot:2    | Found a transporter.
 43149 | Zot:2    | Found a transporter.
 43225 | Zot:2    | Reached skill level 15 in Short Blades
 43524 | Zot:2    | Reached skill level 10 in Evocations
 43883 | Zot:2    | Reached skill level 26 in Shields
 44103 | Zot:5    | Entered Level 5 of the Realm of Zot
 44541 | Zot:5    | Identified the amulet of Etaotiq {RegenMP rC+}
 44747 | Zot:5    | Reached skill level 27 in Shields
 44771 | Zot:5    | Identified the +1 pair of gloves "Kacieruv" {rPois Str-2
                  | Slay+2}
 44771 | Zot:5    | Noticed a dread lich
 44795 | Zot:5    | Killed a dread lich
 44808 | Zot:5    | Noticed an orb of fire
 44810 | Zot:5    | Noticed an orb of fire
 44813 | Zot:5    | Noticed an orb of fire
 44814 | Zot:5    | Noticed a Killer Klown
 44814 | Zot:5    | Noticed an orb of fire
 44816 | Zot:5    | Noticed an orb of fire
 44819 | Zot:5    | Gained mutation: You are frail. (-10% HP) [an orb of fire]
 44821 | Zot:5    | Gained mutation: You are weak. (Str -2) [an orb of fire]
 44823 | Zot:5    | Gained mutation: You are dopey. (Int -2) [an orb of fire]
 44826 | Zot:5    | Gained mutation: You occasionally lose the ability to drink
                  | potions when taking damage. [an orb of fire]
 44828 | Zot:5    | Gained mutation: Your spells are a little easier to cast,
                  | but a little less powerful. [an orb of fire]
 44829 | Zot:5    | Killed an orb of fire
 44829 | Zot:5    | Killed an orb of fire
 44829 | Zot:5    | Killed a Killer Klown
 44829 | Zot:5    | Killed an orb of fire
 44829 | Zot:5    | Killed an orb of fire
 44832 | Zot:5    | Killed an orb of fire
 44833 | Zot:5    | Noticed an ancient lich
 44843 | Zot:5    | Gained mutation: Your magical capacity is very low. (-20%
                  | MP) [mutagenic glow]
 44857 | Zot:5    | Killed an ancient lich
 44978 | Zot:5    | Lost mutation: You are strong-willed. (Will+) [potion of
                  | mutation]
 44978 | Zot:5    | Lost mutation: Your magical capacity is very low. (-20% MP)
                  | [potion of mutation]
 44979 | Zot:5    | Lost mutation: You are weak. (Str -2) [potion of mutation]
 44979 | Zot:5    | Lost mutation: Your spells are a little easier to cast, but
                  | a little less powerful. [potion of mutation]
 44979 | Zot:5    | Lost mutation: You are dopey. (Int -2) [potion of mutation]
 44979 | Zot:5    | Gained mutation: Your body sometimes deteriorates upon
                  | taking damage. [potion of mutation]
 44979 | Zot:5    | Gained mutation: You are dopey. (Int -2) [potion of
                  | mutation]
 44979 | Zot:5    | Gained mutation: You are very frail. (-20% HP) [potion of
                  | mutation]
 44980 | Zot:5    | Lost mutation: You are dopey. (Int -2) [potion of mutation]
 44980 | Zot:5    | Lost mutation: Your body sometimes deteriorates upon taking
                  | damage. [potion of mutation]
 44980 | Zot:5    | Lost mutation: You are very frail. (-20% HP) [potion of
                  | mutation]
 44980 | Zot:5    | Gained mutation: You passively map a small area around you.
                  | [potion of mutation]
 44981 | Zot:5    | Lost mutation: Your magical capacity is low. (-10% MP)
                  | [potion of mutation]
 44981 | Zot:5    | Lost mutation: You passively map a small area around you.
                  | [potion of mutation]
 44981 | Zot:5    | Lost mutation: You are frail. (-10% HP) [potion of
                  | mutation]
 44981 | Zot:5    | Gained mutation: Your mind is acute. (Int +4, Str/Dex -1)
                  | [potion of mutation]
 44981 | Zot:5    | Gained mutation: Your system is resistant to poisons.
                  | (rPois) [potion of mutation]
 44982 | Zot:5    | Lost mutation: Your system is resistant to poisons. (rPois)
                  | [potion of mutation]
 44982 | Zot:5    | Lost mutation: You occasionally lose the ability to drink
                  | potions when taking damage. [potion of mutation]
 44982 | Zot:5    | Gained mutation: You have sharp toenails. [potion of
                  | mutation]
 44982 | Zot:5    | Gained mutation: You are robust. (+10% HP) [potion of
                  | mutation]
 45144 | Zot:5    | Noticed an orb of fire
 45145 | Zot:5    | Noticed a Killer Klown
 45145 | Zot:5    | Noticed an orb of fire
 45145 | Zot:5    | Noticed an orb of fire
 45146 | Zot:5    | Gained mutation: You are clumsy. (Dex -2) [an orb of fire]
 45146 | Zot:5    | Gained mutation: You occasionally lose the ability to read
                  | scrolls when taking damage. [an orb of fire]
 45152 | Zot:5    | Gained mutation: Your magical capacity is low. (-10% MP)
                  | [an orb of fire]
 45152 | Zot:5    | Gained mutation: Your magical capacity is very low. (-20%
                  | MP) [an orb of fire]
 45153 | Zot:5    | Killed an orb of fire
 45153 | Zot:5    | Killed an orb of fire
 45154 | Zot:5    | Killed an orb of fire
 45166 | Zot:5    | Noticed an ancient lich
 45180 | Zot:5    | Killed an ancient lich
 45190 | Zot:5    | Killed a Killer Klown
 45501 | Zot:5    | Lost mutation: You occasionally lose the ability to read
                  | scrolls when taking damage. [potion of mutation]
 45501 | Zot:5    | Lost mutation: You are clumsy. (Dex -2) [potion of
                  | mutation]
 45501 | Zot:5    | Lost mutation: Your magical capacity is very low. (-20% MP)
                  | [potion of mutation]
 45501 | Zot:5    | Lost mutation: You are robust. (+10% HP) [potion of
                  | mutation]
 45687 | Zot:2    | Found a transporter.
 45872 | D:12     | Bought a potion of resistance for 130 gold pieces
 46185 | Zot:5    | Got the Orb of Zot
 46476 | D:14     | Noticed Ytoaxt the pandemonium lord
 46587 | D:8      | Noticed Qatej the pandemonium lord
 46605 | D:8      | Killed Qatej the pandemonium lord
 46628 | D:7      | Noticed Astruhu the pandemonium lord
 46802 | D:1      | gg
 46803 | D:$      | Escaped with the Orb!

Illustrated notes

#........## ###########
#.##.##..## ..........# #######
#.##.##..## .....####.#
#.....####.##....... .....####.#
#..⌠.....##>..##....
.......##.####.........###)##.###
.....#.##.#.#......#(.........###
.....#.##.#........###..#........
.............#..@..# ##...####...
####...............###..### #..#
......#####.#......#......# #..#
#####.# ####.........##.# #..#
###.#####.##..⌠.....###.# #..#
#...##.....#.....######.####..#
#.####.....########..#.........
#.# #>......#.................
#.# #...............#.........


Turn 46802 on D:1: gg

Levels and vault maps discovered:
D:1:      dpeg_arrival_arbitrary_c, layout_loops_cross, serial_shops,
          shop_fountains, dreamdust_ecumenical_altar_angels_and_demons
D:2:      layout_loops_cross, uniq_jessica
D:3:      minmay_bubble_buster, layout_loops_cross, uniq_natasha
D:4:      layout_rooms, serial_shops, nicolae_shop_advertising_works
          [nicolae_subvault_shop_adworks], st_stairs_11, minmay_ruined_shrine
D:5:      layout_basic
D:6:      layout_basic
D:7:      layout_loops_cross, minmay_temple_entry_enclosed_plants, serial_shops,
          shop
D:8:      layout_rooms, hellmonk_guarded_unrand_gyre_and_gimble
D:9:      layout_loops_ring, fedhas_altar_2, david_orc_2, serial_shops, shop,
          enter_bailey_5, st_stairs_12, nzn_random_ring, uniq_pikel
D:10:     gammafunk_wand_slinger, layout_basic, minmay_misc_feat_secret_circle
D:11:     minmay_the_grid_four_pointed_star
          [minmay_the_grid_triangle_9x9_sparse_checkered,
          minmay_the_grid_triangle_9x9_zippers_vertical,
          minmay_the_grid_triangle_9x9_warning,
          minmay_the_grid_triangle_9x9_empty, minmay_the_grid_prize_big_room],
          layout_layer_cave, dpeg_lair_monsters, serial_co_window_serial,
          co_window_paths_a, co_window_corner_a, co_window_cross_1,
          co_window_of_opportunity_a, co_window_corner_a, co_window_paths_a,
          co_window_of_opportunity_a, co_window_corner_b, co_window_4corner_a,
          co_window_paths_e, glass_columns_a, glass_columns_a
D:12:     layout_loops_ring, serial_shops, nicolae_stop_n_shop_1,
          nicolae_shop_window_shopping,
          nicolae_shop_competitors_out_of_business, nicolae_shop_trees, shop,
          uniq_psyche
D:13:     layout_roguey [special_room_bee],
          hangedman_vaults_entry_quadrant_bands, kennysheep_orc_sif_temple
D:14:     layout_gridville, nzn_wu_jian_council_hall, statue_in_the_mist_lemuel
D:15:     gammafunk_depths_entry_grave, layout_gridville, gammafunk_ghost_split,
          serial_glass, glass_columns_b, glass_columns_a, glass_columns_b,
          glass_columns_a, glass_columns_a, glass_columns_b, enter_trove_1,
          nicolae_ru_path_of_blood, uniq_rupert
Temple:   mainiacjoe_temple_trianglar_array
Lair:1:   layout_roguey, ebering_ghost_reflecting_pool, uniq_urug
Lair:2:   gammafunk_boulding_lane, layout_regular_city,
          nicolae_swamp_entry_splash_gauntlet, uniq_erica, uniq_harold
Lair:3:   beast_lair_carwin_large_1, layout_cave_pods,
          minmay_snake_entry_guardpost_small, grunt_megastairs_2, uniq_nessos
Lair:4:   layout_layer_cave, minmay_slime_entry_pillars, serial_bayou,
          serial_bayou_pond_a, serial_bayou_crossing, serial_bayou_lagoon_b,
          serial_bayou_lake_a, serial_bayou_shore_b, lemuel_fruit_fields,
          uniq_snorg
Lair:5:   hangedman_lair_tendril_chambers, layout_regular_city
Swamp:1:  layout_falls_marsh, evilmike_swamp_ruin_rubble_2,
          infiniplex_staircase_pool
Swamp:2:  layout_falls_marsh, nicolae_swamp_very_dense_foliage
Swamp:3:  layout_falls_marsh, evilmike_swamp_ruin_house_5
Swamp:4:  swamp_pestilence, layout_basic_swamp, swamp_pool1,
          beargit_elvish_explorers
Snake:1:  layout_grid_shapes, serial_shops, nicolae_diamond_shop
Snake:2:  layout_onion_interference, serial_shops, shop,
          hangedman_snake_corridor_cut, uniq_vashnia, uniq_agnes, uniq_asterion
Snake:3:  layout_chambers, portal_ice_cave_entry_pillars_1
Snake:4:  minmay_snake_end_coiled, layout_cave_town, serial_bayou_pond_e,
          nicolae_snake_omega
Orc:1:    cheibrodos_orc_arena, layout_caves, serial_shops,
          nicolae_lakefront_shop, nicolae_shop_crystal, nicolae_diamond_shop,
          shop, shop
Orc:2:    kennysheep_orc_mage_school, layout_caves, mines2_lemuel
Vaults:1: ontoclasm_vaults_bender, v_pattern_1, hangedman_vaults_unwind,
          nicolae_vaults_what_the_h, nicolae_vaults_minivaults,
          hangedman_vaults_variations, v_misc_25, ontoclasm_vaults_ring_small,
          hangedman_vaults_capsules, v_misc_10, vaults_dpeg_emergency_exit,
          nicolae_vaults_rhombus_5, layout_vaults_maze_snakey
Vaults:2: nicolae_vaults_little_squares_4, vaults_dpeg_hooks, vaults_dpeg_ring,
          vaults_room_ringed_pool, v_misc_5, v_misc_24, v_misc_29, v_misc_28,
          nicolae_vaults_hallways_thing, nicolae_vaults_triangles,
          ontoclasm_vaults_eye, layout_vaults_omnibox
Vaults:3: nicolae_vaults_little_squares_4, door_vault, nicolae_vaults_asterisk,
          ontoclasm_vaults_gateway, layout_vaults_omnigrid, serial_shops,
          nicolae_shop_crystal
Vaults:4: portal_desolation_entry_salt, ontoclasm_vaults_claustrophobia,
          st_octagons_2, v_pattern_3, grunt_vaults_twisty, v_misc_25,
          hangedman_vaults_hat, ontoclasm_vaults_pinch,
          nicolae_vaults_circle_grid_b, hangedman_vaults_locks, v_misc_30,
          layout_vaults_omnicross, serial_shops, shop
Vaults:5: serial_shops
Depths:1: layout_cross, lightli_enter_wizlab_magi_temple, xom_teletrap_fun,
          abyss_entry_crystal, pf_coc_iceberg, kennysheep_doodads, drop_trap,
          dispersion_dpeg
Depths:2: gammafunk_the_bubble [the_bubble_gammafunk_grid], layout_gridlike,
          enter_ziggurat_e, hellmouth_1, serial_shops, kennysheep_mini,
          grunt_pan_entry_in_and_out, zin_statuary
Depths:3: kennysheep_green_arena, layout_basic, hellmouth_3, abyss_entry,
          wad_floor_pattern_2, firewood_loft
Depths:4: evilmike_zot_entry_diamond, layout_long_grid,
          nicolae_hell_entry_hellmouth_sunbeams, grunt_pan_entry_sceptre,
          serial_shops, nicolae_diamond_shop, patterned_corridor,
          serial_bayou_pond_a, abandoned_shop, nicolae_vehumet_radiance
Zot:1:    layout_basic, st_large_dragon_hoard_2
Zot:2:    lemuel_acid_trip, layout_cathedral_of_symmetry, serial_nicolae_subway,
          nicolae_sub_station_crystal, nicolae_sub_station_stone,
          nicolae_sub_station_metal
Zot:3:    kennysheep_six_static_rooms, layout_misc_corridors, uniq_parghit
Zot:4:    layout_misc_corridors, grunt_ministairs_12, zot_minivault_1
Zot:5:    layout_misc_corridors

Skill      XL: |  1  2  3  4  5  6  7  8  9 10 11 12 13 14 15 16 17 18 19 20 21 22 23 24 25 26 27 |
---------------+----------------------------------------------------------------------------------+-----
Fighting       | 3 4 5 6 7 8 10 12 13 15 16 18 19 20 21 23 25 | 25.3
Ranged Weapons | 6 9 10 11 | 11.4
Dodging        | 4 6 9 12 | 12.0
Invocations    | 2 6 9 11 12 14 15 16 17 18 20 | 20.8
Short Blades   | 3 7 8 9 11 13 14 18 | 18.0
Evocations     | 5 6 7 8 14 | 14.0
Armour         | 5 8 10 12 13 14 15 16 18 20 | 20.0
Shields        | 3 8 11 13 14 16 18 20 22 23 24 27 | 27.0
Stealth        | 4 7 9 10 11 12 | 12.0

Action                   |  1- 3 |  4- 6 |  7- 9 | 10-12 | 13-15 | 16-18 | 19-21 | 22-24 | 25-27 || total
-------------------------+-------+-------+-------+-------+-------+-------+-------+-------+-------++-------
Melee: Pair of quick bla |       |       |       |   205 |   735 |  1403 |  1315 |  1015 |  2094 ||  6767
 Fire: Shortbow          |    33 |   139 |       |       |       |       |       |       |       ||   172
       Sling             |       |     7 |   241 |   378 |       |       |       |       |       ||   626
Invok: Stomp             |       |       |       |     2 |       |     2 |       |       |     7 ||    11
       Grand Finale      |       |       |       |       |     1 |     3 |     5 |       |    16 ||    25
       Line Pass         |       |       |       |       |       |     2 |       |       |     5 ||     7
 Abil: Dig               |       |     2 |       |       |     1 |       |       |       |       ||     3
Evoke: Wand              |       |       |       |     5 |     4 |       |       |       |    10 ||    19
       Tin of tremorston |       |       |       |       |       |     2 |       |       |     3 ||     5
       Condenser vane    |       |       |       |       |       |     2 |       |       |     1 ||     3
       Phial of floods   |       |       |       |       |       |       |       |       |     1 ||     1
  Use: Scroll            |       |     9 |     3 |     2 |    15 |     3 |       |     2 |    19 ||    53
       Potion            |       |       |       |     2 |       |    14 |       |     3 |    15 ||    34
 Stab: Paralysed         |       |       |       |    12 |    61 |   131 |   166 |   119 |   101 ||   590
       Invisible         |       |       |       |       |       |    16 |       |       |       ||    16
       Sleeping          |       |       |       |       |       |     1 |     3 |       |       ||     4
       Distracted        |       |       |       |       |       |       |       |       |     3 ||     3
       Confused          |       |       |       |       |       |       |       |       |     2 ||     2
       Fleeing           |       |       |       |       |       |       |       |       |     1 ||     1
Armor: Leather armour    |     1 |    41 |    44 |    44 |       |       |       |       |       ||   130
       Skin              |       |       |       |    13 |       |       |       |       |       ||    13
       Ring mail         |       |       |       |     4 |    11 |    61 |       |       |       ||    76
       Chain mail        |       |       |       |       |   128 |    76 |    58 |   130 |   121 ||   513
       Swamp dragon scal |       |       |       |       |       |   183 |   106 |       |       ||   289
       Gold dragon scale |       |       |       |       |       |       |       |       |   169 ||   169
Dodge: Dodged            |     6 |    41 |    56 |   128 |   177 |   492 |   242 |   112 |   235 ||  1489
Block: Buckler           |     1 |    18 |    26 |    36 |   105 |   293 |   106 |       |       ||   585
       Kite shield       |       |       |       |       |       |       |    66 |       |   165 ||   231
       Tower shield      |       |       |       |       |       |       |   316 |   421 |   767 ||  1504

Table legend: (Time is in decaauts)
 A = Elapsed time spent in this place.
 B = Non-inter-level travel time spent in this place.
 C = Inter-level travel time spent in this place.
 D = Time resting spent in this place.
 E = Time spent auto-exploring this place.
 F = Levels seen in this place.
 G = Mean time per level.
                   A        B        C        D        E       F      G
               +--------+--------+--------+--------+--------+-----+--------+
         Total |  42666 |  37486 |   5180 |   4192 |  23926 |  49 |  870.7 |
       Dungeon |  14632 |  12412 |   2220 |   1911 |   8218 |  15 |  975.5 |
        Temple |    436 |    404 |     32 |      0 |    398 |   1 |  436.0 |
          Lair |   5284 |   4765 |    519 |    495 |   3460 |   5 | 1056.8 |
         Swamp |   2971 |   2700 |    271 |    284 |   1756 |   4 |  742.8 |
     Snake Pit |   3324 |   3104 |    220 |    256 |   2026 |   4 |  831.0 |
  Orcish Mines |   1481 |   1351 |    130 |      0 |   1135 |   2 |  740.5 |
        Vaults |   5831 |   5339 |    492 |    161 |   3557 |   5 | 1166.2 |
        Depths |   3830 |   3217 |    613 |    319 |   1953 |   4 |  957.5 |
           Zot |   2729 |   2049 |    680 |    592 |    445 |   5 |  545.8 |
        Bailey |    595 |    595 |      0 |     73 |    188 |   1 |  595.0 |
      Ice Cave |    715 |    715 |      0 |     71 |    408 |   1 |  715.0 |
        Wizlab |    277 |    277 |      0 |      0 |    142 |   1 |  277.0 |
    Desolation |    557 |    557 |      0 |     30 |    238 |   1 |  557.0 |
               +--------+--------+--------+--------+--------+-----+--------+

Top non-repeatable levels by time:
Vaults:5: 1751 daAuts
     D:9: 1671 daAuts
     D:7: 1377 daAuts
    D:11: 1335 daAuts
   Zot:5: 1331 daAuts
  Lair:4: 1282 daAuts
Vaults:4: 1239 daAuts
     D:6: 1208 daAuts
Depths:3: 1201 daAuts
Depths:2: 1200 daAuts
  Lair:2: 1188 daAuts
     D:3: 1148 daAuts
  Lair:3: 1128 daAuts
 Swamp:4: 1099 daAuts
Vaults:3: 1086 daAuts
